 Dungeon Crawl Stone Soup version 0.29-a0-341-g24ffce5b50 (webtiles) character file.

Game seed: 10261263303718443842

5124 spaghetti the Grappler (level 10, -4/79 HPs)
             Began as a Vine Stalker Berserker on Apr 20, 2022.
             Was a High Priest of Trog.
             Slain by a vampire mosquito (6 damage)
             ... on level 9 of the Dungeon.
             The game lasted 00:15:33 (8798 turns).

spaghetti the Grappler (Vine Stalker Berserker)     Turns: 8798, Time: 00:15:34

Health: -4/79      AC:  9    Str: 24    XL:     10   Next: 58%
Magic:  0/11       EV: 12    Int:  7    God:    Trog [*****.]
Gold:   640        SH:  3    Dex: 14    Spells: 9/9 levels left

rFire   + . .      SeeInvis .     - Unarmed
rCold   x . .      Faith    +   f - +0 buckler
rNeg    . . .      Spirit   +   t - +2 ring mail of Atheism {Rampage +Inv}
rPois   .          Reflect  .   e - +0 helmet
rElec   .          Harm     .   (no cloak)
rCorr   .          Rampage  +   (no gloves)
Will    +....                   (no boots)
Stlth   ..........              B - amulet of faith {!P}
HPRegen 1.03/turn               h - ring of fire
MPRegen 0.12/turn               O - +4 ring of slaying

@: berserking, very quick
A: fangs 3, regeneration 1, magic shield, antimagic bite, no potion heal 2
a: Renounce Religion, Evoke Invisibility, Berserk, Trog's Hand, Brothers in Arms


You were on level 9 of the Dungeon.
You worshipped Trog.
Trog was extremely pleased with you.
You visited 1 branch of the dungeon, and saw 9 of its levels.
You also visited: Sewer.

You collected 709 gold pieces.
You spent 69 gold pieces at shops.


Innate Abilities, Weirdness & Mutations

You have razor-sharp teeth.
Your natural rate of healing is unusually fast.
When hurt, damage is shared between your health and your magic reserves.
Your bite disrupts and absorbs the magic of your enemies.
Potions cannot restore your health.


   Skills:
 + Level 5.8 Fighting
 + Level 4.8 Throwing
 * Level 6.7 Armour
 + Level 4.8 Dodging
 * Level 8.4 Unarmed Combat
 - Level 4.0 Evocations


You had 9 spell levels left.
You didn't know any spells.
Your spell library contained the following spells:

 Spells                   Type           Power      Damage    Failure   Level
 Shock                    Conj/Air       0%         1d3       67%         1
 Sting                    Tmut/Pois      0%         1d3       67%         1
 Passwall                 Tmut/Erth      0%         N/A       82%         2
 Gell's Gravitas          Tloc           0%         N/A       96%         3
 Lesser Beckoning         Tloc           0%         N/A       96%         3
 Spider Form              Tmut/Pois      0%         N/A       96%         3
 Swiftness                Air            0%         N/A       96%         3
 Teleport Other           Tloc           0%         N/A       96%         3
 Tukima's Dance           Hex            0%         N/A       96%         3
 Airstrike                Air            0%         N/A       100%        4
 Passage of Golubria      Tloc           0%         N/A       100%        4
 Alistair's Intoxication  Tmut/Pois      0%         N/A       100%        5
 Yara's Violent Unravell  Hex/Tmut       0%         3d3       100%        5
 Statue Form              Tmut/Erth      0%         N/A       100%        6

Inventory:

Missiles
 d - 292 stones (quivered) {throwing}
 j - 43 poisoned darts {throwing}
 o - 4 curare-tipped darts {=fthrowing}
 p - 2 javelins {throwing}
 r - 7 boomerangs {throwing}
Armour
 e - a +0 helmet (worn)
   (You found it on level 1 of the Dungeon)
 f - a +0 buckler (worn)
   (You took it off a hobgoblin on level 3 of the Dungeon)
 t - the +2 ring mail of Atheism (worn) {Rampage +Inv}
   (You found it on level 4 of the Dungeon)

   +Inv:      It lets you turn invisible.
   Rampage:   It bestows one free step when moving towards enemies.
Jewellery
 h - a ring of fire (left hand)
   (You found it on level 1 of the Dungeon)
 B - an amulet of faith (around neck) {!P}
   (You found it on level 5 of the Dungeon)
 I - an amulet of regeneration {@e2}
   (You found it on level 7 of the Dungeon)
 O - a +4 ring of slaying (right hand)
   (You found it on level 8 of the Dungeon)
Wands
 s - a wand of flame (24)
   (You found it on level 8 of the Dungeon)
 D - a wand of digging (4)
   (You found it on level 6 of the Dungeon)
 J - a wand of polymorph (9)
   (You found it on level 7 of the Dungeon)
Scrolls
 b - a scroll of magic mapping {!r}
 c - 4 scrolls of fog
 g - 6 scrolls of teleportation {@r4}
 i - 4 scrolls of silence {!r}
 q - 4 scrolls of vulnerability {!r!r}
 u - a scroll of enchant armour
 v - a scroll of summoning
 x - 3 scrolls of amnesia
 y - a scroll of fear
 M - a scroll of immolation {unknown}
 N - a scroll of blinking {unknown}
Potions
 a - a potion of ambrosia {unknown}
 k - 3 potions of invisibility
 l - 4 potions of heal wounds {@q2}
 m - 2 potions of lignification {!q}
 n - a potion of mutation {!q}
 w - a potion of might
 z - a potion of resistance
 A - a potion of cancellation
 C - a potion of curing {unknown}
 F - 3 potions of haste {unknown}
 G - 2 potions of degeneration {unknown}
 H - a potion of attraction {unknown}
 K - a potion of brilliance {unknown}
 L - a potion of flight {unknown}
Miscellaneous
 P - a phial of floods
   (You found it on level 9 of the Dungeon)

Dungeon Overview and Level Annotations

Branches:
Dungeon (9/15)             Temple (0/1) D:7           Sewer (visited)
   Lair: D:8-11         Orc: D:9-12

Altars:

Shops:
D:3

*
#........#
#........#
#........#
#........#
####'#####
###.#
#...#
##.###
#y@# #y##
... +...
#... #...
#... #...


You could see 2 vampire mosquitoes.


Message History

The vampire mosquito bites you.
The vampire mosquito draws strength from your injuries! 😕 HP[-4] MP[+1]
You take 4 damage, and now have 43/53 hp.
You barely miss the vampire mosquito. Your bite misses the vampire mosquito.
The vampire mosquito completely misses you.
The vampire mosquito bites you!
The vampire mosquito draws strength from your injuries!
The vampire mosquito bites you.
The vampire mosquito draws strength from your injuries!
The vampire mosquito bites you.
The vampire mosquito draws strength from your injuries! 😮 HP[-11] MP[-2]
You take 11 damage, and now have 32/53 hp.
MASSIVE DAMAGE!! (PAUSE)
You lost 2 mp, and now have 8/11 mp.
You barely miss the vampire mosquito. Your bite misses the vampire mosquito.
The vampire mosquito barely misses you. The vampire mosquito bites you.
The vampire mosquito draws strength from your injuries!
The vampire mosquito bites you!
* * * LOW HITPOINT WARNING * * *
The vampire mosquito draws strength from your injuries!
The vampire mosquito bites you!
* * * LOW HITPOINT WARNING * * *
The vampire mosquito draws strength from your injuries! 😨 HP[-17] MP[-5]
You take 17 damage, and now have 15/53 hp.
MASSIVE DAMAGE!! (PAUSE)
You lost 5 mp, and now have 3/11 mp.
Really quaff
E - a potion of berserk rage {!q}?
A red film seems to cover your vision as you go berserk!
You feel yourself moving faster!
You feel mighty!
You block the vampire mosquito's attack. x2
The vampire mosquito bites you.
* * * LOW HITPOINT WARNING * * *
The vampire mosquito draws strength from your injuries!
The vampire mosquito bites you.
* * * LOW HITPOINT WARNING * * *
The vampire mosquito draws strength from your injuries! 😱 HP[-1]
You now have 79 max hp (+26).
There are monsters nearby!
You closely miss the vampire mosquito. Your bite misses the vampire mosquito.
The vampire mosquito bites you but does no damage.
The vampire mosquito closely misses you. 😱 HP[+1]
You punch the vampire mosquito!
The vampire mosquito bites you but does no damage.
The vampire mosquito bites you.
* * * LOW HITPOINT WARNING * * *
The vampire mosquito draws strength from your injuries! 😱 MP[-1]
You lost 1 mp, and now have 2/11 mp.
You hit the vampire mosquito.
The vampire mosquito bites you but does no damage.
The vampire mosquito bites you!
* * * LOW HITPOINT WARNING * * *
The vampire mosquito draws strength from your injuries! 😱 HP[-8]
You take 8 damage, and now have 7/79 hp.
You closely miss the vampire mosquito. The vampire mosquito bites you.
* * * LOW HITPOINT WARNING * * *
The vampire mosquito draws strength from your injuries!
The vampire mosquito barely misses you. 😱 HP[-1]
You take 1 damage, and now have 6/79 hp.
You miss the vampire mosquito. You bite the vampire mosquito!
You drain its power.
You feel invigorated. The vampire mosquito barely misses you.
The vampire mosquito bites you but does no damage.
The vampire mosquito barely misses you. x2 😱 HP[+1] MP[+9]
Your mp is fully restored (11).
You miss the vampire mosquito. Your bite misses the vampire mosquito.
The vampire mosquito bites you.
* * * LOW HITPOINT WARNING * * *
The vampire mosquito draws strength from your injuries!
The vampire mosquito bites you.
The vampire mosquito draws strength from your injuries! 😱 HP[-1] MP[-3]
You take 1 damage, and now have 6/79 hp.
You lost 3 mp, and now have 8/11 mp.
You punch the vampire mosquito!
You destroy the vampire mosquito!
Trog accepts your kill. 😱 HP[+1]
You miss the vampire mosquito. The vampire mosquito bites you.
* * * LOW HITPOINT WARNING * * *
The vampire mosquito draws strength from your injuries!
The vampire mosquito bites you but does no damage.
The vampire mosquito misses you. 😱 HP[-2] MP[-3]
You take 2 damage, and now have 5/79 hp.
You lost 3 mp, and now have 5/11 mp.
You closely miss the vampire mosquito. Your bite misses the vampire mosquito.
The vampire mosquito bites you!
* * * LOW HITPOINT WARNING * * *
The vampire mosquito draws strength from your injuries!
The vampire mosquito bites you!
You die...

Skill      XL: |  1  2  3  4  5  6  7  8  9 10 |
---------------+-------------------------------+-----
Fighting       | 3 4 5 |  5.8
Armour         | 2 3 4 6 |  6.7
Dodging        | 2 3 4 |  4.8
Throwing       | 1 2 3 4 |  4.8
Unarmed Combat | 4 5 6 7 8 |  8.4
Evocations     | 1 2 3 4 |  4.0

Action                   |  1- 3 |  4- 6 |  7- 9 | 10-12 || total
-------------------------+-------+-------+-------+-------++-------
Melee: Unarmed           |   105 |   119 |   421 |    92 ||   737
       Bite              |    19 |    28 |   108 |    32 ||   187
       Punch             |     1 |     4 |       |       ||     5
Throw: Stone             |    41 |    93 |   238 |    40 ||   412
Invok: Berserk           |     1 |     2 |     6 |     2 ||    11
       Trog's Hand       |       |       |     2 |       ||     2
  Use: Potion            |     2 |     1 |     1 |     1 ||     5
       Scroll            |       |     7 |     8 |       ||    15
Armor: Animal skin       |    20 |    14 |       |       ||    34
       Ring mail         |       |     9 |   110 |    27 ||   146
       Plate armour      |       |     4 |       |       ||     4
Dodge: Dodged            |    69 |    78 |   171 |    40 ||   358
Block: Buckler           |       |     3 |    64 |    13 ||    80

Levels and vault maps discovered:
D:1:      wander_arrival_estate, layout_basic
D:2:      layout_rooms, minmay_vboxes
D:3:      layout_rooms, okawaru_altar_gauntlet_db, serial_shops,
          nicolae_lakefront_shop, shapermc_ecumenical_altar_venn, uniq_terence,
          uniq_sigmund
D:4:      layout_loops_ring
D:5:      layout_basic, gup_sewer_entry_bowl, minivault_5,
          minmay_tree_intersection, minmay_gold_behind_fungi, uniq_grinder,
          uniq_ijyb
D:6:      layout_basic
D:7:      layout_loops_ring, minmay_temple_entry_glassed_door
D:8:      layout_loops_corners
D:9:      layout_roguey, ebering_ghost_reflecting_pool, item_on_display_a

Notes
Turn   | Place    | Note
-------+----------+-------------------------------------------
     0 | D:1      | spaghetti the Vine Stalker Berserker began the quest for
                  | the Orb.
     0 | D:1      | Reached XP level 1. HP: 11/11 MP: 2/2
     0 | D:1      | magus.rc [v1.9.6]
   184 | D:1      | Reached XP level 2. HP: 16/16 MP: 3/3
   703 | D:1      | Reached XP level 3. HP: 17/19 MP: 4/4
  1282 | D:1      | Reached ** piety under Trog
  1283 | D:1      | Reached skill level 3 in Fighting
  1395 | D:2      | Reached skill level 2 in Armour
  1395 | D:2      | Reached skill level 2 in Dodging
  1775 | D:2      | You add the spells Tukima's Dance, Passage of Golubria and
                  | Yara's Violent Unravelling to your library.
  1951 | D:2      | Gained mutation: Your natural rate of healing is unusually
                  | fast. [Vine Stalker growth]
  1951 | D:2      | Reached XP level 4. HP: 16/24 MP: 5/5
  2061 | D:2      | Reached skill level 1 in Throwing
  2484 | D:3      | You pick up a book of Air {forbidden} and begin reading...
  2484 | D:3      | You add the spells Shock, Swiftness and Airstrike to your
                  | library.
  2609 | D:3      | Found Zyav's Assorted Antiques.
  2610 | D:3      | Noticed Sigmund
  2615 | D:3      | Killed Sigmund
  2616 | D:3      | Reached skill level 4 in Unarmed Combat
  2616 | D:3      | Reached XP level 5. HP: 28/28 MP: 6/6
  2616 | D:3      | Reached XP level 6. HP: 32/32 MP: 7/7
  2631 | D:3      | Bought a scroll labelled HOWASTR SEOLO for 23 gold pieces
  2631 | D:3      | Bought a scroll labelled HOWASTR SEOLO for 23 gold pieces
  2631 | D:3      | Bought a scroll labelled WIOSAEPPUTO for 23 gold pieces
  2749 | D:3      | Noticed Terence
  2760 | D:3      | Killed Terence
  2761 | D:3      | Reached skill level 3 in Armour
  2797 | D:3      | Found a faded altar of an unknown god.
  3152 | D:4      | Identified the +2 ring mail of Atheism {Rampage +Inv}
  3308 | D:4      | Reached skill level 2 in Throwing
  3419 | D:4      | Reached *** piety under Trog
  3420 | D:4      | Reached XP level 7. HP: 35/37 MP: 8/8
  3719 | D:5      | Entered Level 5 of the Dungeon
  3804 | D:5      | Noticed Grinder
  3813 | D:5      | Paralysed by Grinder for 3 turns
  3821 | D:5      | Killed Grinder
  3822 | D:5      | Reached skill level 4 in Fighting
  3822 | D:5      | Reached skill level 5 in Unarmed Combat
  3822 | D:5      | Reached skill level 1 in Evocations
  3910 | D:5      | Found a glowing drain.
  3914 | Sewer    | Entered a sewer
  3981 | Sewer    | Reached skill level 3 in Dodging
  4126 | Sewer    | Reached skill level 4 in Armour
  4202 | Sewer    | Gained mutation: You have razor-sharp teeth. [Vine Stalker
                  | growth]
  4202 | Sewer    | Reached XP level 8. HP: 42/42 MP: 9/9
  4636 | Sewer    | Reached skill level 3 in Throwing
  4792 | D:5      | Reached skill level 2 in Evocations
  4800 | D:5      | Reached skill level 6 in Unarmed Combat
  4803 | D:5      | HP: 8/42 [something/magic dart (5)]
  4939 | D:5      | Noticed Ijyb
  4964 | D:5      | HP: 10/42 [Ijyb/bolt of acid (8)]
  4971 | D:5      | Killed Ijyb
  5159 | D:5      | You pick up a book of Displacement {forbidden} and begin
                  | reading...
  5159 | D:5      | You add the spells Lesser Beckoning, Gell's Gravitas and
                  | Teleport Other to your library.
  5317 | D:5      | Reached **** piety under Trog
  5329 | D:5      | Reached XP level 9. HP: 40/46 MP: 5/10
  5427 | D:5      | Reached skill level 5 in Armour
  6326 | D:6      | Reached skill level 5 in Fighting
  6556 | D:7      | Reached skill level 4 in Dodging
  6556 | D:7      | Reached skill level 7 in Unarmed Combat
  6556 | D:7      | Reached skill level 3 in Evocations
  6657 | D:7      | You add the spells Sting, Passwall, Spider Form, Alistair's
                  | Intoxication and Statue Form to your library.
  6657 | D:7      | Got the Papyrus of Changing {forbidden}
  6782 | D:7      | Reached skill level 4 in Throwing
  7089 | D:7      | Found a staircase to the Ecumenical Temple.
  7180 | D:7      | Reached skill level 6 in Armour
  7287 | D:7      | Reached XP level 10. HP: 51/51 MP: 11/11
  7734 | D:8      | Noticed a two-headed ogre
  7739 | D:8      | HP: 13/76 [two-headed ogre/+0 giant club (14)]
  7741 | D:8      | HP: 4/76 [two-headed ogre/+0 giant club (10)]
  7742 | D:8      | Killed a two-headed ogre
  7743 | D:8      | Reached skill level 8 in Unarmed Combat
  7845 | D:8      | Paralysed by a hornet for 1 turns
  7850 | D:8      | Paralysed by a hornet for 1 turns
  8118 | D:8      | Reached skill level 4 in Evocations
  8732 | D:9      | Reached ***** piety under Trog
  8789 | D:9      | HP: 18/79 [vampire mosquito (5)]
  8792 | D:9      | HP: 7/79 [vampire mosquito (8)]
  8797 | D:9      | HP: 5/79 [vampire mosquito (3)]
  8798 | D:9      | HP: 2/79 [vampire mosquito (4)]
  8798 | D:9      | Slain by a vampire mosquito

Vanquished Creatures
  A two-headed ogre (D:8)
  A hornet (D:8)
  Grinder (D:5)
  Sigmund (D:3)
  A steam dragon (D:8)
  2 vampire mosquitoes (D:9)
  4 water moccasins
  2 ice beasts (D:7)
  2 sky beasts (D:7)
  A black bear (D:5)
  A centaur (D:6)
  8 kobold brigands
  7 bullfrogs
  2 necrophages
  A scorpion (D:4)
  9 killer bees
  A howler monkey (D:8)
  7 orc priests
  3 hounds
  3 jellies
  5 iguanas
  Ijyb (D:5)
  Terence (D:3)
  5 orc wizards
  3 gnolls (D:6)
  10 adders
  A river rat (D:5)
  4 white imps
  An ufetubus (D:6)
  5 worms
  4 dart slugs
  31 orcs
  8 ball pythons
  15 endoplasms
  6 giant cockroaches
  6 goblins
  5 hobgoblins
  8 jackals
  6 quokkas
  6 bats
  7 frilled lizards (D:1)
  18 kobolds
  3 rats
217 creatures vanquished.

Vanquished Creatures (others)
  An orc wizard (D:5)
  4 toadstools (D:5)
5 creatures vanquished.

Grand Total: 222 creatures vanquished

Table legend:
 A = Non-vault XP
 B = Vault XP
 C = Vault XP percentage of total XP
 D = Non-vault monster count
 E = Vault monster count
 F = Vault count percentage of total count
                 A         B        C        D         E       F
            +---------+---------+-------+---------+---------+-------
      Total |    5937 |    1384 |  18.9 |     174 |      44 |  20.2
            +---------+---------+-------+---------+---------+-------
        D:1 |      48 |       0 |   0.0 |      29 |       0 |   0.0
        D:2 |      40 |      25 |  38.5 |      14 |       8 |  36.4
        D:3 |      29 |     267 |  90.2 |      14 |       2 |  12.5
        D:4 |     327 |       0 |   0.0 |      21 |       0 |   0.0
        D:5 |     669 |     327 |  32.8 |      27 |       6 |  18.2
        D:6 |     818 |       0 |   0.0 |      17 |       0 |   0.0
        D:7 |    1383 |       0 |   0.0 |      24 |       0 |   0.0
        D:8 |    2013 |       0 |   0.0 |      17 |       0 |   0.0
        D:9 |     610 |       0 |   0.0 |      11 |       0 |   0.0
      Sewer |       0 |     765 | 100.0 |       0 |      28 | 100.0
            +---------+---------+-------+---------+---------+-------

Illustrated notes

Table legend:
 A = Kills in this place as a percentage of kills in entire the game.
 B = Kills by you in this place as a percentage of kills by you in the entire game.
 C = Kills by friends in this place as a percentage of kills by friends in the entire game.
 D = Other kills in this place as a percentage of other kills in the entire game.
 E = Experience gained in this place as a percentage of experience gained in the entire game.
 F = Experience gained in this place divided by the number of levels of this place that you have seen.
                   A       B       C       D       E      F
               +-------+-------+-------+-------+-------+----------------------
         Total | 100.0 | 100.0 |   N/A | 100.0 | 100.0 | 732.1
       Dungeon |  87.2 |  87.1 |   N/A | 100.0 |  89.6 | 728.4
         Sewer |  12.8 |  12.9 |   N/A |   0.0 |  10.4 | 765.0
               +-------+-------+-------+-------+-------+----------------------

Table legend: (Time is in decaauts)
 A = Elapsed time spent in this place.
 B = Non-inter-level travel time spent in this place.
 C = Inter-level travel time spent in this place.
 D = Time resting spent in this place.
 E = Time spent auto-exploring this place.
 F = Levels seen in this place.
 G = Mean time per level.
                   A        B        C        D        E       F      G
               +--------+--------+--------+--------+--------+-----+--------+
         Total |   9055 |   8724 |    331 |    523 |   6452 |  10 |  905.5 |
       Dungeon |   8020 |   7689 |    331 |    523 |   5711 |   9 |  891.1 |
         Sewer |   1034 |   1034 |      0 |      0 |    741 |   1 | 1034.0 |
               +--------+--------+--------+--------+--------+-----+--------+

Top non-repeatable levels by time:
     D:1: 1393 daAuts
     D:5: 1157 daAuts
     D:8: 1143 daAuts
   Sewer: 1034 daAuts
     D:7: 967 daAuts
     D:2: 874 daAuts
     D:6: 845 daAuts
     D:4: 787 daAuts
     D:3: 697 daAuts
     D:9: 153 daAuts
